 Dungeon Crawl Stone Soup version 0.28-b1-25-g9875b3fc8c (webtiles) character file.

Game seed: 10505697135849925091

41 Cykl0x the Conjurer (level 3, -3/20 HPs)
             Began as a Gargoyle Conjurer on Feb 1, 2022.
             Slain by Terence (11 damage)
             ... on level 2 of the Dungeon.
             The game lasted 00:02:33 (1926 turns).

Cykl0x the Conjurer (Gargoyle Conjurer)             Turns: 1926, Time: 00:02:33

Health: -3/20      AC:  5    Str: 12    XL:     3   Next: 52%
Magic:  1/6        EV: 11    Int: 18    God:
Gold:   29         SH:  0    Dex:  8    Spells: 3/6 levels left

rFire   + . .      SeeInvis .   g - +0 dagger
rCold   + . .      Faith    .   (no shield)
rNeg    + . .      Spirit   .   a - +0 robe
rPois   ∞          Reflect  .   (no helmet)
rElec   +          Harm     .   n - scarf {rC+ rF+}
rCorr   .          Rampage  .   (no gloves)
Will    .....                   (no boots)
Stlth   ++........              p - amulet of regeneration
HPRegen 0.86/turn               (no ring)
MPRegen 0.10/turn               (no ring)

@: no status effects
A: sickness immunity, AC +3, negative energy resistance 1, electricity
resistance, torment resistance 1, petrification resistance
a: no special abilities


You were on level 2 of the Dungeon.
You visited 1 branch of the dungeon, and saw 2 of its levels.

You collected 29 gold pieces.

Inventory:

Hand Weapons
 g - a +0 dagger (weapon)
Armour
 a - a +0 robe (worn)
 n - a scarf of resistance (worn)
Jewellery
 k - a ring of fire
 p - an amulet of regeneration (around neck)
Scrolls
 d - a scroll of blinking {unknown}
 e - a scroll of enchant armour {unknown}
 f - a scroll of magic mapping {unknown}
 h - a scroll of teleportation {unknown}
 j - a scroll of brand weapon {unknown}
 m - a scroll of identify {unknown}
Potions
 b - a potion of flight {unknown}
 c - a potion of curing {unknown}
 i - a potion of haste {unknown}
 l - 2 potions of brilliance {unknown}
 o - a potion of degeneration {unknown}


   Skills:
 * Level 1.0 Fighting
 * Level 0.5 Long Blades
 * Level 1.2 Armour
 + Level 1.6 Dodging
 - Level 2.1 Stealth
 + Level 2.1 Spellcasting
 + Level 5.1 Conjurations


You had 3 spell levels left.
You knew the following spells:

 Your Spells              Type           Power      Damage    Failure   Level
a - Magic Dart            Conj           80%        1d7       2%          1
b - Searing Ray           Conj           40%        2d5       3%          2

Your spell library contained the following spells:

 Spells                   Type           Power      Damage    Failure   Level
 Dazzling Flash           Conj/Hex       22%        N/A       19%         3
 Tukima's Dance           Hex            1%         N/A       47%         3
 Fulminant Prism          Conj/Hex       5%         3d7       54%         4
 Iskenderun's Mystic Bla  Conj/Tloc      11%        2d4       54%         4
 Passage of Golubria      Tloc           1%         N/A       87%         4
 Yara's Violent Unravell  Hex/Tmut       0%         3d3       99%         5


Dungeon Overview and Level Annotations

Branches:
Dungeon (2/15)

Altars:

Annotations:
D:2 Terence


Innate Abilities, Weirdness & Mutations

You are immune to sickness and miasma.
Your stone body is resilient. (AC +3)
You are immune to poison.
You resist negative energy. (rN+)
You are resistant to electric shocks. (rElec)
You are resistant to unholy torment.
You are immune to petrification.


Message History

Confirm with . or Enter, or press ? or * to list all spells.
You can't see any susceptible monsters within range! (Use Z to cast anyway.)
Casting: Magic Dart (safe; 2% risk of failure)
Confirm with . or Enter, or press ? or * to list all spells.
Aiming: Searing Ray (safe; 3% risk of failure)
Press: ? - help, Shift-Dir - straight line, f - Terence
Aim: Terence, wielding a +0 morningstar and wearing a +3 scale mail of positive energy (81% to hit)
The searing ray hits Terence.
Terence is moderately wounded. (Press . to maintain the ray.)
The searing ray hits Terence but does no damage.
Terence is moderately wounded.
The searing ray hits Terence!
Terence is severely wounded.
The searing ray hits Terence.
Terence is almost dead.
You finish channelling your searing ray.
Terence asks, "Do you want it fast or slow?"
Terence hits you but does no damage.
The magic dart hits Terence but does no damage.
Terence is almost dead.
Terence barely misses you.
You hit Terence but do no damage.
Terence is almost dead.
Terence hits you with a +0 morningstar!
Ouch! That really hurt!
You closely miss Terence. You punch Terence, but do no damage.
Terence is almost dead.
Terence hits you but does no damage.
You hit Terence but do no damage.
Terence is almost dead.
Terence hits you with a +0 morningstar.
You hit Terence but do no damage.
Terence is almost dead.
Terence barely misses you.
You hit Terence but do no damage.
Terence is almost dead.
Terence hits you with a +0 morningstar!
Ouch! That really hurt!
You die...

............
..............
##..#......#
####.#<.....#
..........# #...##.#
.# #..#@.....#
#...##.# ...
#..#.)....# #...##..
....#..#.@....#
#...####
....#..#......#
#...#...
........#.#.#######.#
#...#.##
........#......@@...#
....#...
#.......###.#######.#
#...
#...................
#...
#.......####.##...#.
#... #.......# #.#
... #.## ........#
#.# . #.## ........#
#.## #.##
♣♣.♣♣...####..####
#.## ♣P.
♣...#........# #.##


You could see Terence.

Vanquished Creatures
  An adder (D:2)
  2 bats
  3 endoplasms
  A giant cockroach (D:2)
  5 goblins
  3 hobgoblins
  A kobold (D:2)
  2 quokkas (D:1)
  2 ball pythons
  2 frilled lizards
  6 rats
28 creatures vanquished.

Notes
Turn   | Place    | Note
-------+----------+-------------------------------------------
     0 | D:1      | Cykl0x the Gargoyle Conjurer began the quest for the Orb.
     0 | D:1      | Reached XP level 1. HP: 10/10 MP: 3/3
   431 | D:1      | Reached XP level 2. HP: 15/15 MP: 1/5
   434 | D:1      | Learned a level 2 spell: Searing Ray
   841 | D:1      | Reached skill level 1 in Armour
  1489 | D:2      | Reached XP level 3. HP: 20/20 MP: 2/6
  1774 | D:2      | Reached skill level 5 in Conjurations
  1826 | D:2      | Reached skill level 1 in Fighting
  1902 | D:2      | Noticed Terence
  1926 | D:2      | Slain by Terence

Illustrated notes

Levels and vault maps discovered:
D:1:      minmay_arrival_solitary_statue, layout_basic
D:2:      layout_basic, serial_forest, infiniplex_forest_lined_room_,
          infiniplex_forest_lined_2, infiniplex_forest_straight_5,
          infiniplex_forest_side_room, roderic_serpentine_path, uniq_terence

Skill      XL: |  1  2  3 |
---------------+----------+-----
Armour         | 1 |  1.2
Conjurations   | 5 |  5.1
Fighting       | 1 |  1.0
Long Blades    | |  0.5
Dodging        | |  1.6
Stealth        | |  2.1
Spellcasting   | |  2.1

Action                   || total
-------------------------++-------
Melee: Dagger            ||     6
       Unarmed           ||     1
       Punch             ||     1
 Cast: Magic Dart        ||    47
       Searing Ray       ||     3
  Use: Scroll            ||     1
Armor: Robe              ||     2
Dodge: Dodged            ||     2
